Get step-by-step instructions on how to execute this build order below. Start the game timer, and the build order will tick by so you can play in parallel with StarCraft on a second screen or mobile device.

Game Time

  0:00

Last Step

  N/A

Next Step

Upcoming Step



Don't want to look back and forth between 2 screens? Try out our Overwolf App, the Spawning Tool Build Advisor to get an in-game overlay with this build!

Complete Build Order

  12  0:00  SCV  
  13  0:13  Supply Depot  
  13  0:17  SCV  
  14  0:37  Barracks  
  14  0:40  Refinery  
  14  0:52  Barracks  
  14  0:56  SCV  
  15  1:08  SCV  
  16  1:25  Orbital Command, Reaper  
  17  1:30  Refinery  
  17  1:42  Reaper  
  18  1:51  SCV  
  19  1:57  Reaper  
  20  2:03  SCV  
  20  2:04  Supply Depot  
  21  2:14  Reaper  
  21  2:15  SCV  
  23  2:28  Factory, SCV  
  24  2:34  Reaper  
  25  2:40  SCV  
  26  2:53  Reaper, SCV  
  28  3:05  SCV  
  29  3:12  Supply Depot  
  29  3:13  Command Center  
  29  3:16  Factory Reactor  
  29  3:17  SCV  
  30  3:25  Starport  
  30  3:29  SCV  
  32  3:41  SCV  
  32  3:50  Refinery  
  32  3:54  Cyclone x2  
  37  4:05  Liberator  
  37  4:06  Supply Depot  
  39  4:25  Orbital Command, SCV  
  39  4:26  Cyclone x2  
  44  4:37  SCV  
  45  4:43  Barracks Tech Lab  
  45  4:51  Liberator  
  48  4:55  SCV x2  
  48  4:58  Cyclone x2  
  54  5:04  Supply Depot  
  54  5:07  SCV x2  
  56  5:18  Supply Depot  
  56  5:19  SCV x2  
  58  5:30  Cyclone x2  
  58  5:31  SCV x2  
  64  5:43  SCV x2  
  62  5:55  SCV x2  
  62  6:08  Command Center